 Dungeon Crawl Stone Soup version 0.25-a0-701-gb30f108f01 (webtiles) character file.

Game seed: 16851886156740446214, levelgen mode: deterministic

189 Delarado the Archer (level 5, 41/41 HPs)
             Began as a Centaur Hunter on Apr 2, 2020.
             Quit the game on level 2 of the Dungeon on Apr 3, 2020.
             The game lasted 00:07:47 (3112 turns).

Delarado the Archer (Centaur Hunter)                Turns: 3112, Time: 00:07:47

Health: 41/41      AC:  5    Str: 15    XL:     5   Next: 40%
Magic:  5/5        EV:  9    Int: 10    God:
Gold:   230        SH:  0    Dex: 10    Spells: 4/4 levels left

rFire    . . .     SeeInvis .   b - +0 short sword
rCold    + . .     Gourm    .   (no shield)
rNeg     . . .     Faith    .   j - +0 robe {rC+}
rPois    +         Spirit   .   r - +0 helmet
rElec    .         Reflect  .   (no cloak)
rCorr    .         Harm     .   (no gloves)
MR       .....                  (no barding)
Stlth    +.........             (no amulet)
HPRegen  0.13/turn              v - ring of poison resistance
MPRegen  0.09/turn              (no ring)

@: heavily drained, very quick
A: large, hooves 3, deformed body, speed 2, tough skin 3
a: no special abilities


You were on level 2 of the Dungeon.
You were not hungry.

You visited 1 branch of the dungeon, and saw 3 of its levels.

You collected 230 gold pieces.

Inventory:

Hand Weapons
 a - a +1 shortbow
 b - a +0 short sword (weapon)
 d - a +0 hand crossbow
Missiles
 w - 2 arrows
Armour
 c - a +0 leather armour
 j - a +0 robe of cold resistance (worn)
 r - a +0 helmet (worn)
Jewellery
 k - a cursed +4 ring of intelligence
 t - an uncursed amulet of harm
 v - a ring of poison resistance (left hand)
Scrolls
 e - 4 scrolls of identify {unknown}
 g - a scroll of enchant weapon {unknown}
 h - a scroll of amnesia {unknown}
 i - 2 scrolls of teleportation {unknown}
 o - 5 scrolls of remove curse {unknown}
 p - 2 scrolls of enchant armour {unknown}
Potions
 l - 2 potions of stabbing {unknown}
 m - a potion of berserk rage {unknown}
 n - 3 potions of mutation {unknown}
 s - a potion of lignification {unknown}
 u - a potion of might {unknown}
Comestibles
 f - 4 rations
 q - 5 chunks of flesh


   Skills:
 - Level 2.0(0.8) Fighting
 + Level 8.9(7.5) Bows
 - Level 1.3(0.2) Dodging
 - Level 0.4(0.0) Stealth


You had 4 spell levels left.
You didn't know any spells.
Your spell library was empty.

Dungeon Overview and Level Annotations

Branches:
Dungeon (3/15)

Altars:
Hepliaklqana
Xom

Annotations:
D:3 Sigmund


Innate Abilities, Weirdness & Mutations

You have hooves in place of feet.
Armour fits poorly on your strangely shaped body.
You cover ground very quickly.
You have extremely tough skin. (AC +3)


Message History

Butcher a jackal corpse? [(y)es/(n)o/(a)ll/(q)uit/?]
You butcher the jackal corpse. x2
q - 3 chunks of flesh;
q - 5 chunks of flesh (gained 2)
Things that are here:
a jackal skeleton x2
Search for what [? for help]? bolt
w - 2 arrows
e - 4 scrolls labeled AFOAXT BEFY (gained 1) Sigmund the Dreaded comes into view.
He is wielding a +1 scythe of pain.
Sigmund shouts!
Things that are here:
a jackal skeleton x2
There is a stone staircase leading up here.
You climb upwards.
There is a stone staircase leading down, spattered with blood here.
Search for what [Enter for "bolt", or ? for help]? arrow Saving game... please wait.
Welcome back, Delarado the Centaur Hunter.
Press ? for a list of commands and other information.
Are you sure you want to abandon this character and quit the game? (Confirm with "yes".)

....# #.........#
#.##.....#### #####
#.........####..).....#
#.............###.....#
##### #.........###.#
#.)...# #...#
#.........# #.# #.....#
#...# #.........# #.#
#.)...# #...#
#.........###.###.....#
#..)#
#########.##.....#...##
#...# #@.......#...#
#...######
####.....#...#
.........#
######.....#...#
....####.#
#..........#...# ....#
#.# #..........##### #
....# #.# #..........#
# #...# #.#
#..........# # #...#
#.# #..........# #
##### #.# #..........#
#


There were no monsters in sight!

Vanquished Creatures
  Terence (D:3)
  3 gnolls (D:2)
  4 adders
  4 worms
  2 dart slugs
  3 leopard geckos
  2 orcs (D:3)
  A ball python (D:1)
  6 giant cockroaches
  8 goblins
  6 hobgoblins
  11 jackals
  2 quokkas (D:2)
  5 bats
  2 frilled lizards (D:2)
  9 kobolds
  9 rats
78 creatures vanquished.

Vanquished Creatures (others)
  5 toadstools (D:1)
5 creatures vanquished.

Grand Total: 83 creatures vanquished

Notes
Turn   | Place    | Note
-------+----------+-------------------------------------------
     0 | D:1      | Delarado the Centaur Hunter began the quest for the Orb.
     0 | D:1      | Reached XP level 1. HP: 17/17 MP: 1/1
   338 | D:1      | Reached skill level 6 in Bows
   338 | D:1      | Reached XP level 2. HP: 24/24 MP: 2/2
   683 | D:1      | Reached XP level 3. HP: 29/29 MP: 3/3
  1278 | D:2      | Found a hazy altar of Hepliaklqana,
  1321 | D:2      | Reached skill level 7 in Bows
  1331 | D:2      | Reached XP level 4. HP: 28/36 MP: 4/4
  1701 | D:2      | Reached skill level 8 in Bows
  2202 | D:3      | Found a shimmering altar of Xom,
  2203 | D:3      | Found a shimmering altar of Xom,
  2238 | D:3      | Noticed Terence
  2253 | D:3      | Killed Terence
  2253 | D:3      | Reached XP level 5. HP: 15/41 MP: 5/5
  2648 | D:3      | Noticed an ice beast
  2719 | D:3      | Found a shimmering altar of Xom,
  3096 | D:3      | Noticed Sigmund
  3112 | D:2      | Upgraded the game from 0.25-a0-699-g25a338df49 to
                  | 0.25-a0-701-gb30f108f01
  3112 | D:2      | Quit the game

Levels and vault maps discovered:
D:1:      ldierk_walled_garden, layout_loops_corners, minmay_pentomino_t4
D:2:      layout_basic, lemuel_round_altar
D:3:      layout_loops_cross, lemuel_crystal_altar, xom_redecorated,
          uniq_sigmund, uniq_terence

Skill      XL: |  1  2  3  4 |
---------------+-------------+-----
Bows           | 6 7 8 |  8.9
Fighting       | |  2.0
Dodging        | |  1.3
Stealth        | |  0.4

Action                   |  1- 3 |  4- 6 || total
-------------------------+-------+-------++-------
Melee: Short sword       |    13 |    35 ||    48
       Kick              |     1 |     9 ||    10
 Fire: Shortbow          |    92 |   129 ||   221
  Eat: Chunk             |       |     5 ||     5
Armor: Robe              |    10 |    34 ||    44
Dodge: Dodged            |    21 |    26 ||    47

Table legend:
 A = Non-vault XP
 B = Vault XP
 C = Vault XP percentage of total XP
 D = Non-vault monster count
 E = Vault monster count
 F = Vault count percentage of total count
                 A         B        C        D         E       F
            +---------+---------+-------+---------+---------+-------
      Total |     231 |      40 |  14.8 |      75 |       3 |   3.8
            +---------+---------+-------+---------+---------+-------
        D:1 |      42 |       4 |   8.7 |      22 |       2 |   8.3
        D:2 |     125 |       0 |   0.0 |      29 |       0 |   0.0
        D:3 |      64 |      36 |  36.0 |      24 |       1 |   4.0
            +---------+---------+-------+---------+---------+-------
